Cogmind - Beta 16 @@@ ROGUE MODE // 2025.11.13 @ 22:25:52 // AFD2019/Pay2Buy Player: GFYguy Result: Self-destructed Performance ------------- Evolutions (1) 500 Regions Visited (2) 400 Robots Destroyed (26) 130 Value Destroyed (792) 792 Prototype IDs (2) 40 Alien Tech Used (0) 0 Bonus (0) 0 TOTAL SCORE: 1862 Bonus ------- None Cogmind --------- Core Integrity 282/400 Matter 300/300 Energy 280/280 System Corruption 0% Temperature Cool (36) Movement Treading (160) Ox1 Location -9/Materials Parts ------- > --- POWER (1) -------- Heavy Ion Engine > --- PROPULSION (4) --- Overtuned Treads Subdweller Monowheel > --- UTILITY (2) ------ Improved Weapon Shielding Hardened Medium Armor Plating > --- WEAPON (2) ------- Improved EM Shotgun Improved EM Shotgun > --- INVENTORY (10) --- EM Disruption Field Peak State ------------ > --- POWER ------------ Heavy Ion Engine > --- PROPULSION ------- Subdweller Monowheel Subdweller Monowheel > --- UTILITY ---------- Light Armor Plating Medium Armor Plating > --- WEAPON ----------- EM Shotgun Improved EM Shotgun > --- INVENTORY -------- EM Disruption Field Improved EM Shotgun Improved EM Shotgun [Rating: 16] Favorites ----------- Power Heavy Ion Engine Engine Heavy Ion Engine Propulsion Subdweller Monowheel Wheel Subdweller Monowheel Utility Light Armor Plating Protection Light Armor Plating Weapon EM Shotgun Energy Gun EM Shotgun Build | -11 -10 -9 ------- Run | Yrd Mat Mat Slots Evolved 2 | . . 2 Power . | . . . Propulsion 2 | . . 2 Utility . | . . . Weapon . | . . . Parts Attached 2 | . . 2 Power . | . . . Engine . | . . . Core . | . . . Reactor . | . . . Propulsion . | . . . Treads . | . . . Leg . | . . . Wheel . | . . . Hover . | . . . Flight . | . . . Utility . | . . . Device . | . . . Storage . | . . . Processor . | . . . Hackware . | . . . Protection . | . . . Artifact . | . . . Weapon 2 | . . 2 Energy Gun 2 | . . 2 Energy Cannon . | . . . Ballistic Gun . | . . . Ballistic Cannon . | . . . Launcher . | . . . Special Weapon . | . . . Impact Weapon . | . . . Slashing Weapon . | . . . Piercing Weapon . | . . . Special Melee Weapon . | . . . Unidentified Prototypes . | . . . Parts Lost 5 | . . 5 Power . | . . . Propulsion . | . . . Utility 2 | . . 2 Weapon 3 | . . 3 Highest Loss Streak 1 | . . 1 To Critical Strikes . | . . . Average Backups 1 | . . 1 Power . | . . . Propulsion . | . . . Utility . | . . 1 Weapon . | . . . Tool/Special . | . . . Unused Backups 1 | . . 1 Power . | . . . Propulsion . | . . . Utility 1 | . . 1 Weapon . | . . . Tool/Special . | . . . Average Slot Usage (%) 76 | . 100 67 Engine 11 | . 14 11 Wheel 22 | . 28 20 Protection 19 | . 28 16 Energy Gun 22 | . 28 20 Peak Build Rating 16 | 14 14 16 Average Rating 13 | 14 14 13 On Entrance 9 | . 14 14 Avg Prop Armor Cover (%) 3 | . . 3 Naked Turns . | . . . Heaviest Build 24 | 24 24 24 Greatest Support 40 | 40 40 40 Greatest Overweight (x) . | . . . Average Overweight (x) . | . . . Largest Inventory Capacity 10 | 10 10 10 Average Capacity 10 | 10 10 10 Most Carried 3 | . 1 3 Average Carried 1 | . . 1 Final Capacity 10 | 10 10 10 Final Carried 1 | . 1 1 Class Distribution -------------------- 100% | Mutant Dominant Class ---------------- Mutant | -10/Materials Mutant | -9/Materials Resources | -11 -10 -9 ----------- Run | Yrd Mat Mat Matter Collected 220 | . 200 20 Remotely . | . . . Salvage Created 1105 | . 150 955 Parts . | . . . Haulers Intercepted 2 | . . 2 Recyclers Shooed . | . . . Parts Field Recycled . | . . . Retrieved Matter . | . . . Parts Self-Destructed . | . . . Prevented . | . . . Parts Restored . | . . . Kills | -11 -10 -9 ------- Run | Yrd Mat Mat Combat Hostiles Destroyed 20 | . 3 17 Guns 15 | . 1 14 AOE 5 | . 2 3 Classes Destroyed 6 | . 2 4 Hauler 2 | . . 2 Watcher 4 | . 1 3 Swarmer 3 | . . 3 Grunt 11 | . 3 8 Brawler 1 | . . 1 Sentry 5 | . . 5 Best Kill Streak 5 | . 2 5 Combat Bots Only 5 | . 2 5 Max Kills in Single Turn 2 | . 2 2 Gunslinging . | . . . Exploded 2 | . 2 2 Melee . | . . . Uniques/NPCs Destroyed . | . . . Combat | -11 -10 -9 -------- Run | Yrd Mat Mat Hostile Shots Fired 62 | . 4 58 Missed 22 | . 3 19 Hits 40 | . 1 39 Melee 1 | . . 1 Projectile 39 | . 1 38 Critical Strikes 2 | . . 2 Damage Taken 648 | . 62 586 Core 144 | . 26 118 Absorbed by Shields . | . . . Core Remaining (%) 94 | 100 89 . Volleys Fired 40 | . 4 36 Largest 2 | . 2 2 Hottest 90 | . 90 90 Shots Fired 74 | . 8 66 Gun 74 | . 8 66 Cannon . | . . . Launcher . | . . . Special . | . . . Kinetic . | . . . Thermal . | . . . Explosive . | . . . Electromagnetic 74 | . 8 66 Robot Hit Streak 18 | . 12 18 Robot Miss Streak 4 | . 1 4 Penetration Max . | . . . Secondary Targets 5 | . . 5 Max Gunslinging Chain 1 | . . 1 Shots Hit Robots 63 | . 8 55 Core Hits 54 | . 8 46 Critical Kills . | . . . Critical Parts Destroyed . | . . . Critical Strikes . | . . . Melee Attacks . | . . . Impact . | . . . Slashing . | . . . Piercing . | . . . Sneak Attacks . | . . . Combat Hostiles . | . . . Follow-up Attacks . | . . . Damage Inflicted 1148 | . 245 903 Guns 960 | . 144 816 Cannons . | . . . Explosions 188 | . 101 87 Melee . | . . . Ramming . | . . . Kinetic . | . . . Thermal 188 | . 101 87 Explosive . | . . . Electromagnetic 960 | . 144 816 Impact . | . . . Slashing . | . . . Piercing . | . . . Highest Corruption . | . . . Average Corruption . | . . . Corruption Purged . | . . . Corruption Blocked . | . . . Overload Shots . | . . . Overflow Damage . | . . . Projectiles . | . . . Explosions . | . . . Melee . | . . . Knockbacks . | . . . Impact . | . . . Kinetic . | . . . Secondary . | . . . Self-Inflicted Damage 129 | . 53 76 Shots 3 | . 1 2 Rammed . | . . . Targets Rammed . | . . . Kicked . | . . . Crushed . | . . . Highest Temperature 276 | . 114 276 Average Temperature 74 | . 45 79 Received Heat Transfer 222 | . 6 216 Siege Activations . | . . . Martial Activations . | . . . Shielding Activations . | . . . Robots Disrupted 1 | . 1 . Combat Hostiles 1 | . 1 . Robots Corrupted . | . . . Combat Hostiles . | . . . Parts Fried . | . . . Impact Corruptions . | . . . Robots Melted . | . . . Combat Hostiles . | . . . Parts Melted . | . . . Heat Transferred 200 | . 100 100 Parts Sabotaged . | . . . Parts Stolen . | . . . Parts Stripped . | . . . Power Chain Reactions 3 | . 1 2 Alert | -11 -10 -9 ------- Run | Yrd Mat Mat Maximum Alert Level 1 | . . 1 Low Security (%) 96 | 100 100 94 Level 1 3 | . . 5 Level 2 . | . . . Level 3 . | . . . Level 4 . | . . . Level 5 . | . . . High Security . | . . . Max Security . | . . . Peak Influence 216 | . 83 216 Initial 30 | . . 30 Average 103 | . 25 138 Influence Increases 620 | . 115 505 Destroy 0b10 Robot/C 400 | . 60 340 Destroy 0b10 Robot/NC 30 | . 5 25 Destroy Leader 122 | . 22 100 Successful Hack 5 | . 5 . Disable Machine 30 | . . 30 Destroy Structure 18 | . 8 10 Lose Combat Pursuer 15 | . 15 . Influence Decreases 499 | . 42 457 Entered New Map 43 | . . 43 Time Decay 256 | . 42 214 Lost Part 50 | . . 50 Purge Threat 150 | . . 150 Squads Dispatched 3 | . 2 1 Investigation 1 | . 1 . Extermination . | . . . Reinforcement 2 | . 1 1 Assault . | . . . Garrison . | . . . Intercept . | . . . Searches Triggered . | . . . Construction Impeded . | . . . Haulers Reinforced . | . . . Active Scanning Responses . | . . . Cargo Convoy Interrupts . | . . . Stealth | -11 -10 -9 --------- Run | Yrd Mat Mat Distress Signals 4 | . 1 3 Communications Jammed . | . . . Distress Signals . | . . . Times Spotted 30 | . 7 23 Peak Tracking Total 5 | . 3 5 Tactical Retreats 1 | . 1 . Traps | -11 -10 -9 ------- Run | Yrd Mat Mat Traps Triggered . | . . . Indirectly . | . . . Trap Hack Attempts . | . . . Triggered . | . . . Disarmed . | . . . Reprogrammed . | . . . Reused . | . . . Traps Extracted . | . . . Installed . | . . . Triggered . | . . . Machines | -11 -10 -9 ---------- Run | Yrd Mat Mat Machines Disabled 2 | . . 2 Max in Single Turn 1 | . . 1 Machines Repaired . | . . . Machines Dismantled . | . . . Machines Sabotaged . | . . . Overloaded Fab Kills . | . . . Hacking | -11 -10 -9 --------- Run | Yrd Mat Mat Machines Accessed 4 | . 2 2 Terminals 4 | . 2 2 Fabricators . | . . . Repair Stations . | . . . Recycling Units . | . . . Scanalyzers . | . . . Garrison Access . | . . . Total Hacks 10 | . 6 4 Successful 6 | . 4 2 Failed 4 | . 2 2 Catastrophic . | . . . Database Lockouts . | . . . Manual . | . . . Terminals 10 | . 6 4 Fabricators . | . . . Repair Stations . | . . . Recycling Units . | . . . Scanalyzers . | . . . Garrison Access . | . . . Terminal Hacks 6 | . 4 2 Emergency Access Points 1 | . . 1 Unreport Threat 1 | . . 1 Locate Traps 1 | . 1 . Dispatch Records 1 | . 1 . Hauler Manifests 1 | . 1 . Zone Layout 1 | . 1 . Fabricator Hacks . | . . . Repair Station Hacks . | . . . Recycling Unit Hacks . | . . . Scanalyzer . | . . . Garrison Access Hacks . | . . . Unauthorized Hacks . | . . . Terminals . | . . . Fabricators . | . . . Repair Stations . | . . . Recycling Units . | . . . Scanalyzers . | . . . Garrison Access . | . . . Data Cores Recovered . | . . . Used . | . . . Hacking Detections 3 | . 2 1 Full Trace Events 2 | . 2 . Feedback Events . | . . . Feedback Blocked . | . . . Robot Schematics Acquired . | . . . Robots Built . | . . . Authchips . | . . . Time . | . . . Total Robot Build Rating . | . . . Part Schematics Acquired . | . . . Parts Built . | . . . Authchips . | . . . Time . | . . . Total Part Build Rating . | . . . Part Studies Acquired . | . . . Parts Repaired . | . . . Time . | . . . Parts Recycled . | . . . Recycled Matter . | . . . Retrieved Matter . | . . . Retrieved Components . | . . . Parts Scanalyzed . | . . . Part Schematics Acquired . | . . . Parts Damaged . | . . . Bothacking | -11 -10 -9 ------------ Run | Yrd Mat Mat Used RIF Installer . | . . . Robots Hacked . | . . . Non-combat . | . . . Combat . | . . . Robot Hacks Applied . | . . . Relay Couplers Released . | . . . Fabnet Peak Effective % . | . . . Robots Rewired . | . . . Allies Hacked . | . . . Hacks Repelled . | . . . Allies | -11 -10 -9 -------- Run | Yrd Mat Mat Total Allies . | . . . Largest Group . | . . . Highest-Rated Group . | . . . Highest-Rated Ally . | . . . Total Orders . | . . . Ally Attacks . | . . . Total Damage . | . . . Kills . | . . . Allies Corrupted . | . . . Allies Melted . | . . . Intel | -11 -10 -9 ------- Run | Yrd Mat Mat Active Infowar (turns) . | . . . Robot Analysis Total . | . . . Derelict Logs Recovered . | . . . Drone Launches . | . . . Drone Recoveries . | . . . Exploration | -11 -10 -9 ------------- Run | Yrd Mat Mat Turns Passed 649 | 19 179 451 Spaces Moved 435 | 18 119 298 Core . | . . . Treads . | . . . Legs . | . . . Wheels 435 | 18 119 298 Hover . | . . . Flight . | . . . Fastest Speed 110 | 110 110 110 Average Speed 110 | 110 110 110 Slowest Speed 110 | 110 110 110 Overloaded Moves . | . . . Propulsion Burnouts . | . . . Robots Hopped . | . . . Potential Cave-ins . | . . . Cave-ins Triggered . | . . . Exploration Rate (%) 29 | 4 32 51 Regions Visited 2 Branch Regions . Pre-discovered Areas . | . . . Known Exits Taken . | . . . Unknown Exits Taken 2 | 1 1 . Scrap Searched . | . . . Spaces Dug . | . . . Terrain Destroyed 16 | . 7 9 Melee . | . . . Projectile . | . . . AOE 16 | . 7 9 Terrain Rammed . | . . . Walls Destroyed . | . . . Machines Disabled . | . . . Actions | -11 -10 -9 --------- Run | Yrd Mat Mat Total 531 | 17 159 355 Wait 55 | . 37 18 Move 433 | 17 118 298 Hop . | . . . Pick Up . | . . . Fast Attach . | . . . Attach 2 | . . 2 Detach . | . . . Swap . | . . . Drop 1 | . . 1 Fire 40 | . 4 36 Melee . | . . . Ram . | . . . Kick . | . . . Crush . | . . . Escape Stasis . | . . . Rewire . | . . . Trap . | . . . Miscellaneous . | . . . Route ------- -11/Scrapyard -10/Materials -9/Materials (discovered 2 exits: [*Min x2]) History --------- Turn | Location | Event 8 | -11/Scrapyard | Discovered new exit (range 12) 20 | -11/Scrapyard | Entered Materials 21 | -10/Materials | Met a group of wandering Federalists 159 | -10/Materials | Discovered new exit (range 16) 199 | -10/Materials | Entered another Materials area 199 | -9/Materials | Evolved 2 slots: Propulsion x2 287 | -9/Materials | Discovered new exit (range 15) 306 | -9/Materials | Build established: Mutant 320 | -9/Materials | Discovered new exit (range 7) 650 | -9/Materials | Self-destructed Last Messages --------------- (37,72) (28,75) Map updated. 00616_ K-01 Serf collects debris. 00622_ O-16 Technician: "IFF HANDSHAKE FAILED. SECURING TERMINAL." 00624_ K-01 Serf collects debris. 00626_ ALERT: Hostiles spotted, dispatching reinforcements to Terminal M002. 00627_ K-01 Serf collects debris. 00629_ W-16 Scout sends out distress signal. 00638_ G-34 Mercenary destroyed. 00647_ Chain reaction triggered in Lgt. Nuclear Core. 00647_ G-47 Trooper destroyed. 00647_ G-34 Mercenary destroyed. 00647_ Lgt. Armor Plating destroyed. 00647_ Destroyed Lgt. Armor Plating. 00647_ Atomic Centrifuge disabled. [Purchased: Imp. Weapon Shielding] [Purchased: Hrd. Medium Armor Plating] [Purchased: Ovr. Treads] Map ----- +----------------------------------------------------+ | #???????????# #???????????# | | #???????????#"" #???????????# | | #???????????#" #???????????############## ? | | ##???????????### ##????????????????????????? ? | | ###########???# #???????????????????????????? | | ?? +???????????????????????????? | | ?? #???????????????????????????? | | ?? #???????????????????????????? | | ######+#?????? ????????????????????????????? | | ##?????????????????????????????????????????????? | | #?????????????? ????????????????????????????? | | #?????????????# ????????????????????????????? | | #?????????????# ######??????????????????????? | | #?????????????# #?????????????????????? | | +######?????????# #?????????????????????? | | #?????????/ T #???##????????????????? | | " """ #?????????# #??? "????????????????? | | " """ #?????????# #?? """???????????????? | | " """ #?????????# """ # """"??????????????? | | " """ #?????????# u """ # """"? #???????????? | | " """???????????# """ + """ #???????????? | | ???????????# # ????????????? | | ??+??+??????# %; ??????????????? | | ####????????????# "" ; ?????????????????? | | ?????????#?????#??# "" %;;########????????????? | | ####?????# ??" #??# "" @ ????????? | | #?????# ?" ???# #???????????????? | | ####### ????# #???????????????? | | % # ##+####### u #???????????????? | | # k #???????????????? | | +% #???????????????? | | #% w #???????????????? | | # """ """ #???????????????? | | # ""T"" """ """ #???????????????? | | # """"" """ """ ??????????????? | | ##/# #?????????????? | | ?+% r +?????????????? | | ?# = ############ #?????????????? | | ?#+###+######## # T #??? ???????????????? | | ?# #???# # #????????????????????? | | ?#" """ #???# + #????????????????????? | | ?#" """ ##### # #????????????????????? | | ?#" """ + ###########????????????????????? | | ?#T ##### #??????????????????????????????? | | ?#" """ #???# #???????????????????????????? | | ?#" """ #???# #???????????????????????????? | | ?#" """ #???## ##???????????????????????????? | | ?# #????######????????????????????????????? | | ?##########??????????????????????????????????????? | | ?????????????????????????????????????????????????? | +----------------------------------------------------+ Best States ------------- Heat Dissipation 28 Energy Generation 14 Energy Capacity 280 Matter Stores 300 Matter Capacity 300 Sight Range 16 Terrain Scan Density 10 Armor Coverage 375 Evasion (%) 40 Item Schematics ----------------- None Robot Schematics ------------------ None Fabricated ------------ Nothing Repaired ---------- Nothing Studied --------- None Alien Tech Used ----------------- None Achievements -------------- Ghost 'Em Challenges ------------ None Cogshop Purchases (14) ------------------------ EM Shotgun (699) EM Shotgun (699) Sub. Monowheel (769) Sub. Monowheel (769) Hvy. Ion Engine (699) Med. Armor Plating (699) Lgt. Armor Plating (599) EM Disruption Field (Loot Box) Imp. EM Shotgun (684) Imp. EM Shotgun (684) Imp. EM Shotgun (684) Imp. Weapon Shielding (823) Hrd. Medium Armor Plating (823) Ovr. Treads (948) Game ------ Seed WeightInsulatedExtrapolator Manual? 0 Play Time 00:08:31 Cumulative 39.5 hours Start 2025.11.13 @ 22:17:43 End 2025.11.13 @ 22:25:52 Sessions 1 Manual Loads 0 Difficulty Rogue Special Mode AFD2019/Pay2Buy Game No. 72 Rogue 72 Adventurer 0 Explorer 0 Win Type - Total 0 Types 0/0/0/0/0/0/0/0/0/0 Lore% 14 Gallery% 31 Achievement% 18 Wizard Run 0 Options --------- Layout 0 ASCII 0 Keyboard 0 Movement Mouse Keybinds 0 Fullscreen 2 Font 18/SmallcapsGlow Map View 76x50 Zoom Use 0% Tactical HUD 1 Map Filters NONE Filters NONE Steam 1 RUN: 3f27e336-b79e-4145-b476-bb1ff97b360a